Selects Luftwaffe Battlegroup
Selects Luftwaffe Pioneer Support
Fallschirmpioneer Squad Paradrop
Construct Infanterie Kompanie
Fallschirmpioneer Squad Paradrop
Selects Stuka Strafing Run
Fallschirmpioneer Squad Paradrop
Infanterie Officer Quarters
Selects Fallschirmjäger Squad Paradrop
Fallschirmjäger Squad Paradrop
Fallschirmpioneer Squad Paradrop
Construct Luftwaffe Kompanie
Fallschirmpioneer Squad Paradrop
Selects Fragmentation Bombs
Fallschirmjäger Squad Paradrop
Fallschirmpioneer Squad Paradrop
Selects LG40 Recoilless Gun Paradrop